 Dungeon Crawl Stone Soup version 0.31-a0-981-geadf994542 (webtiles) character file.

Game seed: 16257338206626918142

106111 garrulousMonolith the Warmonger (level 16, 0/105 (106) HPs)
             Began as a Gargoyle Fighter on Nov 2, 2023.
             Was a High Priest of Okawaru.
             Slain by an ice devil (22 damage)
             ... summoned by an orc high priest
             ... on level 2 of the Orcish Mines.
             The game lasted 00:39:50 (30237 turns).

garrulousMonolith the Warmonger (Gargoyle Fighter) Turns: 30237, Time: 00:39:51

HP:   0/105 (106)   AC: 38    Str: 24    XL:     16   Next: 43%
MP:   28/28         EV:  7    Int: 11    God:    Okawaru [*****.]
Gold: 1430          SH: 18    Dex: 11    Spells: 15/15 levels left

rFire   + . .        e - +2 demon trident (venom)
rCold   . . .        r - +1 kite shield
rNeg    + . .        H - +1 plate armour {rF+}
rPois   ∞            f - +0 helmet
rElec   +            G - +2 cloak {Will+}
rCorr   .            x - +2 pair of gloves
SInv    .            (no boots)
Will    ++...        y - amulet of reflection Stlth
                     (no ring)
HPRegen 0.37/turn    (no ring)
MPRegen 0.21/turn

%: reflection
@: flying, lightly drained
A: sickness immunity, AC +12, big wings, negative energy resistance 1,
electricity resistance, torment resistance 1, petrification resistance
a: Renounce Religion, Heroism, Finesse, Duel


You were on level 2 of the Orcish Mines.
You worshipped Okawaru.
Okawaru was extremely pleased with you.
You visited 4 branches of the dungeon, and saw 23 of its levels.

You collected 1709 gold pieces.
You spent 279 gold pieces at shops.

Inventory:

Hand Weapons
 a - a +1 morningstar of protection
 b - a +1 dagger of venom
 c - a +0 broad axe
 e - a +2 demon trident of venom (weapon)
Missiles
 j - 6 curare-tipped darts
 l - 10 javelins (quivered)
 v - 8 poisoned darts
 F - 12 silver javelins
Armour
 f - a +0 helmet (worn)
 r - a +1 kite shield (worn)
 x - a +2 pair of gloves (worn)
 G - a +2 cloak of willpower (worn)
 H - a +1 plate armour of fire resistance (worn)
Jewellery
 d - an amulet of faith
 i - an amulet of guardian spirit
 n - an amulet of the acrobat
 y - an amulet of reflection (around neck)
Wands
 o - a wand of polymorph (16)
 A - a wand of digging (10)
 B - a wand of flame (27)
 D - a wand of roots (18)
Scrolls
 h - 6 scrolls of fear
 k - 2 scrolls of summoning
 m - 3 scrolls of poison
 p - 5 scrolls of immolation
 s - a scroll of vulnerability
 C - 2 scrolls of fog
 E - 3 scrolls of blinking
 I - a scroll of amnesia
 J - 2 scrolls of enchant weapon
 L - a scroll of revelation
 M - a scroll of brand weapon
 O - a scroll of enchant armour
Potions
 g - 3 potions of attraction
 q - a potion of enlightenment
 t - 2 potions of curing
 u - 2 potions of mutation
 w - 2 potions of brilliance
 z - 3 potions of haste
 K - 2 potions of might
 N - a potion of lignification
 P - a potion of cancellation {unknown}
 Q - a potion of invisibility {unknown}


   Skills:
 + Level 14.0 Fighting
 - Level 16.0 Maces & Flails
 + Level 14.0 Armour
 + Level 13.6 Shields
 + Level 16.9 Invocations


You had 15 spell levels left.
You didn't know any spells.
Your spell library contained the following spells:

 Spells                   Type           Power      Damage    Failure   Level
 Freeze                   Ice            0%         1d3       99%         1
 Magic Dart               Conj           0%         1d3       99%         1
 Slow                     Hex            0%         N/A       99%         1
 Sting                    Tmut/Pois      0%         1d3       99%         1
 Confusing Touch          Hex            0%         N/A       100%        3
 Dazzling Flash           Conj/Hex       0%         N/A       100%        3
 Frozen Ramparts          Ice            0%         1d1       100%        3
 Inner Flame              Hex/Fire       0%         N/A       100%        3
 Mephitic Cloud           Conj/Pois/Air  0%         N/A       100%        3
 Sigil of Binding         Hex            0%         N/A       100%        3
 Vampiric Draining        Necr           0%         2d6       100%        3
 Volatile Blastmotes      Fire/Tloc      0%         2d10      100%        3
 Flame Wave               Conj/Fire      0%         2d4       100%        4
 Olgreb's Toxic Radiance  Pois           0%         N/A       100%        4
 Passage of Golubria      Tloc           0%         N/A       100%        4
 Petrify                  Tmut/Erth      0%         N/A       100%        4
 Sticky Flame             Conj/Fire      0%         2d3       100%        4
 Alistair's Intoxication  Tmut/Pois      0%         N/A       100%        5
 Metabolic Englaciation   Hex/Ice        0%         N/A       100%        5
 Yara's Violent Unravell  Hex/Tmut       0%         3d3       100%        5
 Eringya's Noxious Bog    Tmut/Pois      0%         4d6       100%        6
 Starburst                Conj/Fire      0%         6d3       100%        6
 Discord                  Hex            0%         N/A       100%        8
 Ignition                 Fire           0%         3d3       100%        8
 Maxwell's Capacitive Co  Air            0%         ∞         100%        8
 Call Imp                 Summ           Unusable   N/A       N/A         2
 Tukima's Dance           Hex            Unusable   N/A       N/A         3

Dungeon Overview and Level Annotations

Branches:
Dungeon (15/15)            Temple (1/1) D:4            Lair (5/5) D:9
  Swamp (0/4) Lair:2        Snake (0/4) Lair:3        Slime (0/5) Lair:4
    Orc (2/2) D:12         Vaults (0/5) D:14         Depths (0/4) D:15
    Elf: Orc:2

Altars:
Ashenzari
Cheibriados
Dithmenos
Elyvilon
Fedhas
Gozag
Hepliaklqana
Kikubaaqudgha
Makhleb
Nemelex Xobeh
Okawaru
Qazlal
Ru
Sif Muna
Trog
Uskayaw
Vehumet
Wu Jian
Xom
Yredelemnul
Zin
The Shining One
Jiyva

Shops:
D:7 [   D:10 [   Orc:2 =[

Portals:
Trove: D:15 (give horn of Geryon)


Innate Abilities, Weirdness & Mutations

You are immune to sickness and miasma.
Your stone body is resilient. (AC +12)
You are immune to poison.
Your large and strong wings let you fly.
You resist negative energy. (rN+)
You are resistant to electric shocks. (rElec)
You are resistant to unholy torment.
You are immune to petrification.


Message History

The orc high priest mumbles some strange prayers to Beogh.
The orc high priest hits you but does no damage.
You block the hellwing's attack. x2
You impale the orc high priest!!
The orc high priest looks as sick as possible!
The orc high priest is heavily wounded.
You block the orange demon's attack. x2
The orc high priest prays.
The orc high priest calls upon Beogh to heal the orc high priest.
The orc high priest is healed somewhat.
You block the orc high priest's attack.
The orc warrior hits you from afar with a +0 halberd.
The hellwing hits you but does no damage. x2
The orange demon barely misses you.
The orange demon stings you but does no damage.
You impale the orc high priest!!
The orc high priest looks as sick as possible!
The orc high priest is almost dead.
The orc high priest barely misses you. You block the orc high priest's attack.
You block the orc warrior's attack. The orc warrior closely misses you.
You block the hellwing's attack.
The hellwing hits you but does no damage.
The orange demon barely misses you.
The orange demon stings you but does no damage.
You puncture the orc high priest!
The orc high priest is almost dead.
You kill the orc high priest!
Okawaru accepts your kill.
The orange demon disappears in a puff of smoke!
The hellwing disappears in a puff of smoke!
The orc warrior barely misses you.
The orc high priest hits you but does no damage.
The orc warrior hits you but does no damage.
You block the orange demon's attack.
The orc high priest invokes the aid of Beogh against you.
Beogh smites you!
* * * LOW HITPOINT WARNING * * *
You block the orc warrior's attack. x2; The ice devil hits you.
* * * LOW HITPOINT WARNING * * *
The ice devil freezes you!!
You die...

.o....#......[.............
.......#........#..........
.............[...#....#....
...........................
...........................
..P.......[[...............
................4..<.......
...............o4).).......
...∩..........§)@§)........
.......P......o#o.[)....#..
....8...P......)...........
.....P.....................
P..........................
...........................
..#........................
#......................#.
......).$....#......


You could see an orc high priest, an orange demon (summoned), an ice devil
(summoned) and 2 orc warriors.

Vanquished Creatures
  Rupert (D:13)
  Kirke (D:13)
  An orc warlord (Orc:1)
  Snorg (D:12)
  6 hydras
  An ogre mage (D:14)
  6 centaur warriors
  3 catoblepae (Lair:5)
  A death knight (D:14)
  4 boulder beetles
  6 death yaks
  4 tengu warriors
  9 two-headed ogres
  4 orc high priests (Orc:2)
  2 sun demons (D:12)
  A fire crab (D:9)
  9 skeletal warriors
  A swamp dragon (Lair:2)
  A lindwurm (Lair:5)
  A necromancer (D:15)
  4 wolf spider zombies (D:15)
  An orc knight (D:15)
  24 ugly things
  A deep elf zephyrmancer (D:15)
  A deep elf pyromancer (D:15)
  4 cyclopes
  6 orc sorcerers
  5 manticores
  10 centaur zombies (D:15)
  11 elephants
  A salamander (Lair:3)
  4 black mambas
  A smoke demon (D:12)
  A rust devil (D:12)
  13 cane toads
  2 torpor snails
  2 gargoyles
  A centaur skeleton (D:15)
  An unseen horror (D:11)
  Maggie (D:8)
  A kobold demonologist (D:12)
  A freezing wraith (D:14)
  5 yaktaurs (D:15)
  6 rime drakes
  2 komodo dragons
  4 tengu conjurers
  A redback zombie (D:15)
  A red devil (D:12)
  A polar bear (Lair:4)
  8 trolls
  A hornet (D:7)
  A hornet (shapeshifter) (D:14)
  A wolf spider simulacrum (D:14)
  12 blink frogs
  12 dream sheep (Lair:5)
  2 slime creatures (D:11)
  2 shadows
  4 wraiths
  3 wyverns
  3 basilisks
  2 centaur simulacra (D:15)
  A hog (D:13)
  A steam dragon (Lair:3)
  6 humans (D:13)
  6 vampire mosquitoes
  61 yaks
  A chaos spawn (D:12)
  A warg (Orc:2)
  An acid dragon (D:10)
  11 water moccasins
  3 black bears
  20 orc warriors
  A hornet zombie (D:15)
  7 ogres
  15 wolves
  15 centaurs
  2 phantoms (D:5)
  4 kobold brigands
  9 bullfrogs
  3 gnoll sergeants
  2 scorpions
  3 wights (D:8)
  12 killer bees
  8 electric eels
  4 howler monkeys
  4 quasits (D:12)
  4 lava snakes (Lair:3)
  3 hounds
  3 jellies
  7 orc priests
  A gnoll bouda (D:5)
  3 iguanas
  Jessica (D:3)
  A sleepcap (D:5)
  15 orc wizards
  6 gnolls
  8 adders
  A shadow imp (D:6)
  2 white imps
  2 ufetubi (D:7)
  A worm (D:4)
  3 dart slugs
  65 orcs
  9 endoplasms
  5 giant cockroaches
  4 goblins
  3 hobgoblins
  24 kobolds
  2 quokkas
  8 ball pythons
  6 bats
  3 frilled lizards
  4 rats
625 creatures vanquished.

Vanquished Creatures (others)
  A rakshasa (D:15)
  A deep elf pyromancer (D:14)
  A manticore (Lair:5)
  An orc warrior (Orc:2)
  2 lava snakes (Lair:3)
  An orc (D:9)
7 creatures vanquished.

Grand Total: 632 creatures vanquished

Notes
Turn   | Place    | Note
-------+----------+-------------------------------------------
     0 | D:1      | garrulousMonolith the Gargoyle Fighter began the quest for
                  | the Orb.
     0 | D:1      | Reached XP level 1. HP: 14/14 MP: 1/1
   102 | D:1      | Reached XP level 2. HP: 19/19 MP: 2/2
   183 | D:1      | Reached skill level 1 in Invocations
   467 | D:1      | Reached XP level 3. HP: 7/23 MP: 3/3
  1103 | D:2      | Reached XP level 4. HP: 29/29 MP: 5/5
  1393 | D:3      | Noticed Jessica
  1398 | D:3      | Killed Jessica
  2125 | D:4      | Reached XP level 5. HP: 33/33 MP: 6/6
  2343 | D:4      | Noticed an ogre
  2352 | D:4      | Noticed a black bear
  2354 | D:4      | Killed an ogre
  2355 | D:4      | Reached XP level 6. HP: 23/38 MP: 6/8
  2469 | D:4      | Found a shimmering altar of Xom.
  2512 | D:4      | Killed a black bear
  2738 | D:4      | Noticed a two-headed ogre
  2751 | D:4      | Killed a two-headed ogre
  2752 | D:4      | Reached skill level 5 in Fighting
  2752 | D:4      | Reached skill level 5 in Maces & Flails
  2752 | D:4      | Reached XP level 7. HP: 30/44 MP: 8/11
  2752 | D:4      | Reached XP level 8. HP: 34/49 MP: 8/12
  2850 | D:4      | Reached skill level 5 in Shields
  2880 | D:4      | Found a staircase to the Ecumenical Temple.
  2889 | Temple   | Entered the Ecumenical Temple
  2991 | Temple   | Became a worshipper of Warmaster Okawaru
  3076 | D:4      | Found a blossoming altar of Fedhas.
  3406 | D:5      | Entered Level 5 of the Dungeon
  3431 | D:5      | Reached skill level 5 in Armour
  3945 | D:5      | Reached * piety under Okawaru
  4397 | D:5      | Reached XP level 9. HP: 26/55 MP: 5/14
  5849 | D:7      | Noticed a hornet
  5895 | D:7      | Killed a hornet
  5895 | D:7      | Reached ** piety under Okawaru
  6160 | D:7      | Found a white marble altar of Elyvilon.
  6221 | D:7      | Found Tujoja Ucwo's Armour Shop.
  6364 | D:7      | Bought a +2 cloak of willpower for 279 gold pieces
  6433 | D:7      | Found a bloodstained altar of Trog.
  6504 | D:7      | Found a glowing golden altar of the Shining One.
  6961 | D:8      | Reached XP level 10. HP: 25/61 MP: 7/16
  7353 | D:8      | Noticed Maggie
  7374 | D:8      | Killed Maggie
  7487 | D:8      | Reached *** piety under Okawaru
  8279 | D:9      | Found a broken altar of Ashenzari.
  8335 | D:9      | Noticed a fire crab
  8339 | D:9      | Found a staircase to the Lair.
  8341 | D:9      | Noticed a manticore
  8354 | D:9      | Killed a fire crab
  8355 | D:9      | Reached skill level 10 in Invocations
  8367 | D:9      | Killed a manticore
  8367 | D:9      | Reached **** piety under Okawaru
  8727 | D:9      | Noticed a two-headed ogre
  8741 | D:9      | Killed a two-headed ogre
  8742 | D:9      | Reached XP level 11. HP: 67/68 MP: 15/18
  8830 | D:9      | Found a radiant altar of Vehumet.
  9136 | D:10     | Entered Level 10 of the Dungeon
  9137 | D:10     | Found a snail-covered altar of Cheibriados.
  9443 | D:10     | Reached skill level 10 in Maces & Flails
  9690 | D:10     | Reached ***** piety under Okawaru
  9901 | D:10     | Found Yfiuhopp's Antique Armour Shop.
  9991 | D:10     | Found a stormy altar of Qazlal.
 10499 | D:10     | Found a sparkling altar of Nemelex Xobeh.
 10508 | D:10     | Found a shimmering blue altar of Sif Muna.
 11012 | D:11     | Noticed a two-headed ogre
 11019 | D:11     | Killed a two-headed ogre
 11095 | D:11     | Identified the +0 leather armour "Gunutu" {+Blink rF-
                  | Str+2}
 11697 | Lair:1   | Identified the of Keirin
 11697 | Lair:1   | Entered Level 1 of the Lair of Beasts
 11787 | D:9      | Received a gift from Okawaru
 11866 | D:9      | Reached XP level 12. HP: 24/76 MP: 21/21
 12712 | Lair:1   | Identified the +0 short sword of Koshraec {heavy, Stlth+}
 13475 | Lair:2   | Received a gift from Okawaru
 13848 | Lair:2   | Reached skill level 10 in Fighting
 14300 | Lair:2   | Found a staircase to the Swamp.
 14301 | Lair:2   | Noticed a six-headed hydra
 14560 | Lair:2   | Reached skill level 10 in Armour
 14654 | Lair:2   | Received a gift from Okawaru
 15351 | Lair:2   | Found a staircase to the Swamp.
 15585 | Lair:2   | Killed a six-headed hydra
 16077 | Lair:3   | Reached skill level 10 in Shields
 16096 | Lair:3   | Reached XP level 13. HP: 57/82 MP: 23/23
 16682 | Lair:3   | Received a gift from Okawaru
 17540 | Lair:3   | Found a staircase to the Snake Pit.
 18006 | Lair:3   | Received a gift from Okawaru
 19263 | Lair:4   | Found a viscous altar of Jiyva.
 19333 | Lair:4   | Found a staircase to the Slime Pits.
 19464 | Lair:5   | Entered Level 5 of the Lair of Beasts
 19483 | Lair:5   | Received a gift from Okawaru
 19826 | Lair:5   | Gained mutation: Your large and strong wings let you fly.
                  | [Gargoyle growth]
 19826 | Lair:5   | Reached XP level 14. HP: 71/90 MP: 25/25
 20275 | Lair:4   | Reached skill level 15 in Invocations
 22142 | D:12     | Received a gift from Okawaru
 22377 | D:12     | Found a staircase to the Orcish Mines.
 22771 | D:11     | HP: 2/92 [slime creature (9)]
 23138 | D:12     | Found a stormy altar of Qazlal.
 23142 | D:12     | Noticed Snorg
 23161 | D:12     | Reached skill level 15 in Maces & Flails
 23196 | D:12     | Killed Snorg
 23481 | D:11     | Received a gift from Okawaru
 23729 | D:12     | Reached XP level 15. HP: 80/96 MP: 26/26
 24053 | D:13     | Noticed Rupert
 24093 | D:13     | Killed Rupert
 24410 | D:13     | Identified the +2 ring mail "Put-Me-On" {Will- rCorr Dex+7
                  | Stlth-}
 24461 | D:13     | Noticed Kirke
 24477 | D:13     | Killed Kirke
 25714 | D:14     | Received a gift from Okawaru
 25961 | D:14     | Found a gate to the Vaults.
 26641 | D:14     | Found an opulent altar of Gozag.
 26950 | D:15     | Entered Level 15 of the Dungeon
 27269 | D:15     | Found a basalt altar of Yredelemnul.
 27521 | D:15     | Received a gift from Okawaru
 27633 | D:15     | Identified the +0 ring mail of Free Will {rC++ Int+3}
 27829 | D:15     | Reached XP level 16. HP: 89/104 MP: 28/28
 28126 | D:15     | Found a staircase to the Depths.
 28527 | D:15     | Received a gift from Okawaru
 28656 | D:15     | Found a portal to a secret trove of treasure.
 28676 | D:15     | Found a bloodstained altar of Trog.
 29218 | Orc:1    | Entered Level 1 of the Orcish Mines
 29331 | Orc:2    | Entered Level 2 of the Orcish Mines
 29571 | Orc:2    | Found Xodatt's Jewellery Shop.
 29585 | Orc:2    | HP: 1/95 [orc warrior/+0 halberd (9)]
 30051 | Orc:2    | Found Anoneosch's Antique Armour Emporium.
 30237 | Orc:2    | Slain by an ice devil

Illustrated notes

Levels and vault maps discovered:
D:1:      lemuel_arrival_funnel, layout_rooms, serial_bayou,
          serial_bayou_crossing, serial_bayou_pond_a, serial_bayou_ford_a,
          serial_bayou_pond_e
D:2:      layout_loops_ring
D:3:      layout_loops_ring, uniq_jessica
D:4:      layout_cave_pods, lemuel_doored_altar, kennysheep_mini,
          minmay_temple_entry_poolview, serial_rivers,
          chequers_serial_rivers_large_b, chequers_serial_rivers_small_b,
          chequers_serial_rivers_small_3, chequers_serial_rivers_micro_c,
          chequers_serial_rivers_large_a, chequers_serial_rivers_small_3,
          eino_small_chamber_without_monster, minmay_manual_macuahuitl
D:5:      layout_basic, chequers_serial_rivers_marsh, hangedman_decor_growths,
          kennysheep_generic_room_16
D:6:      layout_basic, minmay_circle_x
D:7:      layout_gridville, mainiacjoe_overflow_tiny_flanked,
          nicolae_elyvilon_temple_path, mainiacjoe_overflow_cross_hatched,
          serial_shops, nicolae_shop_advertising_works
          [nicolae_subvault_shop_adworks], dk_noncrumbling_3
D:8:      layout_gridville, minmay_misc_feat_square, uniq_maggie
D:9:      layout_roguey, mainiacjoe_overflow_catwalk_spiral,
          minmay_lair_entry_lava, serial_aquarium, aquarium_bridge_island_small
          [aquarium_subvault_small_open, aquarium_subvault_wall,
          aquarium_subvault_bridge, aquarium_subvault_wall,
          aquarium_subvault_wall], aquarium_window_corridor_3,
          aquarium_window_fake, aquarium_view_2e, aquarium_view_2e,
          aquarium_pool_2
D:10:     argonaut_augean_stables, layout_irregular_city,
          nicolae_overflow_crystal_walls, mainiacjoe_overflow_alcove_4,
          mainiacjoe_overflow_swirl, serial_shops, shop_statue,
          minmay_misc_feat_ornament
D:11:     layout_irregular_city, moated_statue, grunt_decor_junction
D:12:     layout_rooms, david_orc_5, serial_demonic, serial_demonic_c,
          serial_demonic_a, serial_demonic_g, serial_demonic_b,
          chequers_serial_rivers_micro_d, hangedman_abyss_or_decor_stagger,
          corexii_checkpoint, nicolae_qazlal_scattered_showers, uniq_snorg
D:13:     layout_basic, uniq_rupert, uniq_kirke
D:14:     layout_loops_corners, david_vaults_2, serial_bayou_pond_e,
          grunt_gozag_breadcrumbs
D:15:     grunt_enter_depths_magical_seal, layout_irregular_city,
          trog_three_pillars_becter, nicolae_trove_entry_crossroad,
          nicolae_yredelemnul_corpse_copse
Temple:   grunt_temple_mini_profane
Lair:1:   layout_loops_ring, infiniplex_staircase_pool_2
Lair:2:   layout_cave_pods, minmay_swamp_entry_reptiles
Lair:3:   layout_hall_layers, nicolae_snake_entry_warm_welcome,
          nicolae_lair_liquid_snakes
Lair:4:   layout_roguey, slime_entry_1
Lair:5:   evilmike_catoblepas_cave, layout_long_grid, grunt_megastairs_5
Orc:1:    layout_caves, nicolae_shop_self_help, uniq_harold
Orc:2:    grunt_orc_gardens, layout_caves, grunt_orc_garden, grunt_orc_garden,
          grunt_orc_garden, grunt_orc_garden, nicolae_shop_overcharged_wands

Skill      XL: |  1  2  3  4  5  6  7  8  9 10 11 12 13 14 15 16 |
---------------+-------------------------------------------------+-----
Invocations    | 1 2 3 6 7 9 10 12 13 14 15 16 | 16.9
Maces & Flails | 3 5 6 8 9 11 12 13 15 16 | 16.0
Fighting       | 4 5 6 8 9 10 11 12 13 14 | 14.0
Armour         | 4 5 6 7 9 10 11 12 13 14 | 14.0
Shields        | 4 5 6 7 8 10 11 13 | 13.6

Action                     |  1- 3 |  4- 6 |  7- 9 | 10-12 | 13-15 | 16-18 || total
---------------------------+-------+-------+-------+-------+-------+-------++-------
  Melee: Flail             |   108 |    88 |   190 |       |       |       ||   386
         Dagger            |       |    32 |   204 |     9 |   143 |       ||   388
         Morningstar       |       |       |    24 |  1031 |  1567 |       ||  2622
         Demon trident     |       |       |       |       |   210 |   380 ||   590
         Unarmed           |       |       |       |       |     2 |       ||     2
  Throw: Javelin           |       |       |       |       |     2 |       ||     2
 Invoke: Heroism           |       |       |     3 |    10 |    20 |     2 ||    35
         Finesse           |       |       |       |       |     5 |     1 ||     6
  Evoke: Wand              |       |     2 |     7 |     6 |    16 |     4 ||    35
    Use: Scroll            |       |     5 |     5 |    12 |    14 |     3 ||    39
         Potion            |       |     2 |     1 |     7 |    12 |     2 ||    24
 Armour: Chain mail        |   105 |    90 |       |       |       |       ||   195
         Ring mail         |       |     9 |   396 |    89 |       |       ||   494
         Plate armour      |       |       |       |  1027 |  1602 |   496 ||  3125
         Skin              |       |       |       |       |     3 |       ||     3
  Dodge: Dodged            |    43 |    49 |   213 |   275 |   376 |   155 ||  1111
  Block: Buckler           |    19 |    18 |    10 |       |       |       ||    47
         Kite shield       |       |       |   217 |   905 |  1742 |   521 ||  3385
         Reflection        |       |       |       |     2 |    47 |    20 ||    69
         Other             |       |       |       |       |     1 |       ||     1

Table legend: (Time is in decaauts)
 A = Elapsed time spent in this place.
 B = Non-inter-level travel time spent in this place.
 C = Inter-level travel time spent in this place.
 D = Time resting spent in this place.
 E = Time spent auto-exploring this place.
 F = Levels seen in this place.
 G = Mean time per level.
                   A        B        C        D        E       F      G
               +--------+--------+--------+--------+--------+-----+--------+
         Total |  30364 |  29380 |    984 |   5958 |  16633 |  23 | 1320.2 |
       Dungeon |  19621 |  18926 |    695 |   3243 |  11103 |  15 | 1308.1 |
        Temple |    128 |     83 |     45 |      0 |      0 |   1 |  128.0 |
          Lair |   9541 |   9299 |    242 |   2094 |   5405 |   5 | 1908.2 |
  Orcish Mines |   1073 |   1073 |      0 |    621 |    124 |   2 |  536.5 |
               +--------+--------+--------+--------+--------+-----+--------+

Top non-repeatable levels by time:
  Lair:2: 3672 daAuts
    D:15: 2281 daAuts
    D:11: 2104 daAuts
  Lair:5: 1881 daAuts
     D:9: 1779 daAuts
    D:13: 1663 daAuts
  Lair:4: 1578 daAuts
    D:10: 1511 daAuts
  Lair:3: 1426 daAuts
     D:8: 1232 daAuts
     D:5: 1204 daAuts
    D:14: 1197 daAuts
     D:7: 1141 daAuts
     D:4: 1129 daAuts
    D:12: 1052 daAuts
